 Dungeon Crawl Stone Soup version 0.32-a0-876-gcfddb08e57 (webtiles) character file.

Game seed: 3947101048423827849

136 rvierbuc the Trooper (level 5, -2/54 HPs)
             Began as an Oni Gladiator on Apr 1, 2024.
             Slain by a steam dragon (3 damage)
             ... on level 4 of the Dungeon.
             The game lasted 00:07:26 (3181 turns).

rvierbuc the Trooper (Oni Gladiator)                Turns: 3181, Time: 00:07:26

Health: -2/54      AC:  3    Str: 20    XL:     5   Next: 19%
Magic:  5/5        EV:  9    Int:  9    God:
Gold:   125        SH:  0    Dex: 10    Spells: 4/4 levels left

rFire   . . .        a - +0 war axe
rCold   . . .        (no shield)
rNeg    . . .        b - +0 robe
rPois   .            c - +0 hat
rElec   .            (no cloak)
rCorr   .            (gloves unavailable)
SInv    .            (boots unavailable)
Will    .....        (no amulet)
Stlth   +            (no ring)
HPRegen 0.29/turn    (no ring)
MPRegen 0.09/turn

%: no passive effects
@: no status effects
A: large, unfitting armour, horns 1, tough skin 1, double potion healing,
drunken brawling
a: no special abilities


You were on level 4 of the Dungeon.
You visited 1 branch of the dungeon, and saw 4 of its levels.

You collected 125 gold pieces.

Inventory:

Hand Weapons
 a - a +0 war axe (weapon)
 k - a +0 short sword of flaming
Missiles
 d - 2 throwing nets (quivered)
 e - a large rock
 j - 5 poisoned darts
Armour
 b - a +0 robe (worn)
 c - a +0 hat (worn)
 i - a +0 chain mail
 m - a +0 ring mail
 s - a +0 helmet
Scrolls
 f - 6 scrolls of identify {unknown}
 g - 3 scrolls of poison {unknown}
 h - a scroll of teleportation {unknown}
 o - a scroll of torment {unknown}
 p - a scroll of vulnerability {unknown}
Potions
 l - a potion of degeneration {unknown}
 n - a potion of heal wounds
 q - 2 potions of curing {unknown}
 r - a potion of enlightenment {unknown}


   Skills:
 + Level 4.1 Fighting
 + Level 3.8 Axes
 + Level 3.1 Throwing
 + Level 3.4 Dodging


You had 4 spell levels left.
You didn't know any spells.
Your spell library contained the following spells:

 Spells                   Type           Power      Damage    Failure   Level
 Call Imp                 Summ           0%         N/A       52%         2
 Cigotuvi's Dreadful Rot  Necr/Alch/Air  0%         N/A       52%         2
 Sublimation of Blood     Necr           0%         N/A       52%         2
 Ignite Poison            Fire/Alch      0%         N/A       99%         4
 Freezing Cloud           Conj/Ice/Air   0%         6-21      100%        5
 Summon Hydra             Summ           0%         N/A       100%        7


Dungeon Overview and Level Annotations

Branches:
Dungeon (4/15)
 Temple: D:4-7

Altars:
Cheibriados


Innate Abilities, Weirdness & Mutations

You are too large for most types of armour.
You have a pair of small horns on your head.
You have tough skin. (AC +1)
You gain doubled healing and magic from potions.
Whenever you drink a healing potion, you attack all around you.


Message History

s - a +0 helmet Unknown command.
An endoplasm comes into view.
The endoplasm quivers.
The endoplasm closely misses you.
You hit the endoplasm.
The endoplasm is almost dead.
The endoplasm barely misses you.
You slash the endoplasm!
You kill the endoplasm!
No target in view!
A steam dragon comes into view.
Found a scroll labelled QAJ ESCHUENN.
The steam dragon hisses angrily.
The steam dragon breathes steam at you. The ball of steam hits you!
You barely miss the steam dragon. You headbutt the steam dragon.
The steam dragon is moderately wounded.
The steam dragon bites you. The steam dragon claws you.
The steam dragon closely misses you. The steam dragon claws you.
You barely miss the steam dragon.
The steam dragon is moderately wounded.
The steam dragon breathes steam at you. The ball of steam misses you.
You slash the steam dragon! Your headbutt misses the steam dragon.
The steam dragon is heavily wounded.
You are engulfed in a cloud of scalding steam.
* * * LOW HITPOINT WARNING * * *
The steam dragon barely misses you. The steam dragon claws you.
* * * LOW HITPOINT WARNING * * *
Sorry, you're not good enough to have a special ability.
You slash the steam dragon!
The steam dragon is almost dead.
You are engulfed in a cloud of scalding steam.
* * * LOW HITPOINT WARNING * * *
The steam dragon barely misses you. The steam dragon closely misses you.
The steam dragon bites you.
* * * LOW HITPOINT WARNING * * *
The steam dragon claws you.
You die...

#..#...#
###......#.
...#...#
##..####
.......# #..#
.......# #..#
........ #..#
.....<..# #§§###
..#.....
######§..?##
...#..
.......§...#...
........
.......@§......#
........
.....##D.§....#.
........ ....#
##§.......
...##... ....
##....... ..##
#. ... ..#####
.## .## ## .. #
.


You could see a steam dragon (catching breath).

Vanquished Creatures
  A hound (D:4)
  2 adders
  A dart slug (D:2)
  5 ribbon worms
  8 ball pythons
  6 bats
  8 endoplasms
  3 giant cockroaches
  10 goblins
  7 hobgoblins
  2 jackals (D:2)
  2 quokkas (D:2)
  3 frilled lizards
  7 kobolds
  5 rats
70 creatures vanquished.

Notes
Turn   | Place    | Note
-------+----------+-------------------------------------------
     0 | D:1      | rvierbuc the Oni Gladiator began the quest for the Orb.
     0 | D:1      | Reached XP level 1. HP: 22/22 MP: 1/1
   210 | D:1      | Reached XP level 2. HP: 21/29 MP: 2/2
   265 | D:1      | Reached skill level 3 in Fighting
   996 | D:2      | Reached XP level 3. HP: 37/37 MP: 3/3
  1131 | D:2      | Found a snail-covered altar of Cheibriados.
  1349 | D:2      | Reached XP level 4. HP: 45/45 MP: 4/4
  2815 | D:4      | Reached skill level 4 in Fighting
  2815 | D:4      | Reached XP level 5. HP: 30/54 MP: 5/5
  3174 | D:4      | Noticed a steam dragon
  3181 | D:4      | HP: 1/54 [steam dragon (6)]
  3181 | D:4      | Slain by a steam dragon

Illustrated notes

Levels and vault maps discovered:
D:1:      dpeg_arrival_ternary, layout_basic, minmay_door_square
D:2:      layout_basic, basic_altar, serial_corexii_hall,
          corexii_hall_statues_deadend, corexii_hall_statues_x,
          corexii_hall_statues_t, corexii_hall_statues_u, minmay_box_of_dots
D:3:      layout_basic, kennysheep_generic_room_3
D:4:      layout_layer_cave, chequers_serial_rivers_room_b, minmay_quantized

Skill      XL: |  1  2  3  4 |
---------------+-------------+-----
Fighting       | 3 4 |  4.1
Dodging        | 3 |  3.4
Throwing       | 3 |  3.1
Axes           | |  3.8

Action                     |  1- 3 |  4- 6 || total
---------------------------+-------+-------++-------
  Melee: War axe           |   101 |    90 ||   191
         Headbutt          |    16 |    10 ||    26
  Throw: Throwing net      |     1 |       ||     1
    Use: Potion            |       |     1 ||     1
 Armour: Robe              |    83 |    68 ||   151
  Dodge: Dodged            |    65 |    53 ||   118

Table legend: (Time is in decaauts)
 A = Elapsed time spent in this place.
 B = Non-inter-level travel time spent in this place.
 C = Inter-level travel time spent in this place.
 D = Time resting spent in this place.
 E = Time spent auto-exploring this place.
 F = Levels seen in this place.
 G = Mean time per level.
                   A        B        C        D        E       F      G
               +--------+--------+--------+--------+--------+-----+--------+
         Total |   3243 |   3124 |    119 |      0 |   2545 |   4 |  810.8 |
       Dungeon |   3243 |   3124 |    119 |      0 |   2545 |   4 |  810.8 |
               +--------+--------+--------+--------+--------+-----+--------+

Top non-repeatable levels by time:
     D:3: 954 daAuts
     D:2: 941 daAuts
     D:1: 940 daAuts
     D:4: 407 daAuts
